 Dungeon Crawl Stone Soup version 0.23-a0-489-g205b0b6 (webtiles) character file.

261 gruber the Sneak (level 6, -1/47 HPs)
             Began as a Gnoll Wanderer on Dec 2, 2018.
             Slain by Crazy Yiuf
             ... wielding a +3 quarterstaff of chaos
              (6 damage)
             ... on level 3 of the Dungeon.
             The game lasted 00:07:13 (3650 turns).

gruber the Sneak (Gnoll Wanderer)                   Turns: 3650, Time: 00:07:14

Health: -1/47      AC:  6    Str: 14    XL:     6   Next: 18%
Magic:  13/13      EV: 12    Int: 17    God:
Gold:   200        SH:  0    Dex: 14    Spells: 12/15 levels left

rFire    x . .     SeeInvis .   x - +0 hand axe
rCold    + . .     Gourm    .   (no shield)
rNeg     . . .     Faith    .   o - +0 leather armour
rPois    +         Spirit   .   u - +0 helmet
rElec    .         Reflect  .   i - +0 cloak
rCorr    .         Harm     .   l - +0 pair of gloves
MR       .....                  (no boots)
Stlth    +++.......             (no amulet)
HPRegen  0.15/turn              h - ring of poison resistance
MPRegen  0.13/turn              j - ring of ice

@: slowed, drained, very slow
A: distributed training, fangs 1, strong nose
a: no special abilities


You were on level 3 of the Dungeon.
You were not hungry.

You visited 1 branch of the dungeon, and saw 3 of its levels.

You collected 200 gold pieces.

Inventory:

Hand Weapons
 a - a +2 dagger
 c - a +0 spear
 x - a +0 hand axe (weapon)
Missiles
 k - 7 javelins (quivered)
 m - 7 javelins of returning
Armour
 i - a +0 cloak (worn)
 l - a +0 pair of gloves (worn)
 o - a +0 leather armour (worn)
 u - a +0 helmet (worn)
Jewellery
 h - a ring of poison resistance (left hand)
 j - a ring of ice (right hand)
Scrolls
 b - a scroll of blinking
 p - a scroll of remove curse
 r - 3 scrolls of identify
 s - a scroll of fear {unknown}
Potions
 d - a potion of lignification
 e - a potion of cancellation {unknown}
 g - a potion of curing
 n - 2 potions of ambrosia
 q - a potion of might {unknown}
 t - a potion of degeneration {unknown}
 v - a potion of agility {unknown}
 w - a potion of heal wounds
Comestibles
 f - 2 rations


   Skills:
 + Level 3.1(2.9) Fighting
 + Level 1.8(1.5) Short Blades
 + Level 1.8(1.5) Long Blades
 + Level 1.8(1.5) Axes
 + Level 1.8(1.5) Maces & Flails
 + Level 1.8(1.5) Polearms
 + Level 1.8(1.5) Staves
 + Level 1.8(1.5) Slings
 + Level 1.8(1.5) Bows
 + Level 1.8(1.5) Crossbows
 + Level 1.8(1.5) Throwing
 + Level 1.8(1.5) Armour
 + Level 1.8(1.5) Dodging
 + Level 6.2(6.0) Stealth
 + Level 1.8(1.5) Shields
 + Level 1.8(1.5) Unarmed Combat
 + Level 5.3(5.0) Spellcasting
 + Level 1.4(1.2) Conjurations
 + Level 1.4(1.2) Hexes
 + Level 1.4(1.2) Charms
 + Level 1.4(1.2) Summonings
 + Level 4.0(3.8) Necromancy
 + Level 1.4(1.2) Translocations
 + Level 1.4(1.2) Transmutations
 + Level 2.5(2.3) Fire Magic
 + Level 1.4(1.2) Ice Magic
 + Level 1.4(1.2) Air Magic
 + Level 1.4(1.2) Earth Magic
 + Level 1.4(1.2) Poison Magic
 + Level 2.0(1.8) Invocations
 + Level 3.1(2.9) Evocations


You had 12 spell levels left.
You knew the following spells:

 Your Spells              Type           Power        Failure   Level  Hunger
a - Confuse               Hex            #.......     32%         3    ###....

Your spell library contained the following spells:

 Spells                   Type           Power        Failure   Level  Hunger
 Confusing Touch          Hex            #.....       11%         1    None
 Gell's Gravitas          Tloc           #.........   32%         3    ###....
 Petrify                  Tmut/Erth      #.......     71%         4    ####...
 Metabolic Englaciation   Hex/Ice        ##........   96%         5    ######.
 Yara's Violent Unravell  Hex/Tmut       #.........   96%         5    ######.


Dungeon Overview and Level Annotations

Branches:
Dungeon (3/15)

Altars:
Cheibriados
Dithmenos
Gozag

Annotations:
D:3 Crazy Yiuf


Innate Abilities, Weirdness & Mutations

Your experience applies equally to all skills.
You have very sharp teeth.
Your uncanny sense of smell can sniff out nearby items.


Message History

You are too injured to fight recklessly!
You are too injured to fight recklessly!
You are too injured to fight recklessly!
You closely miss Crazy Yiuf.
Crazy Yiuf is heavily wounded.
Crazy Yiuf barely misses you. Crazy Yiuf closely misses you.
You barely miss Crazy Yiuf.
Crazy Yiuf is heavily wounded.
Crazy Yiuf hits you with a +3 quarterstaff of chaos!
* * * LOW HITPOINT WARNING * * *
You feel yourself slow down.
You hit Crazy Yiuf but do no damage.
Crazy Yiuf is heavily wounded.
Crazy Yiuf laughs, "Defame bush ladder!"
Crazy Yiuf hits you with a +3 quarterstaff of chaos.
* * * LOW HITPOINT WARNING * * *
Crazy Yiuf burns you.
* * * LOW HITPOINT WARNING * * *
Crazy Yiuf hits you with a +3 quarterstaff of chaos.
You die...

###.# ###..# #.#
#...###############..#
#.#
#....................#
#.#
#..#################.#
#)# #..# ### #.#
#..####### ##.##
#........# #####
######...###
##.#####.# #.g)#
#........... #.# #.##
#.@.# ######...###
###.# #..# #...#
##..).. ....# ####
##'## ###### #####
♣♣.♣ # ♣.♣♣ # ♣♣.♣
####### ♣.♣♣ #......
♣♣.♣♣ #.##### ♣...♣♣
######.# #


You could see Crazy Yiuf.

Vanquished Creatures
  Natasha (thrice) (D:3)
  4 gnolls
  8 adders
  2 dart slugs
  A leopard gecko (D:2)
  3 orcs (D:3)
  A ball python (D:1)
  5 bats
  A giant cockroach (D:3)
  6 hobgoblins
  7 jackals (D:2)
  15 kobolds
  2 quokkas (D:3)
  3 frilled lizards (D:1)
  8 goblins
  6 rats
75 creatures vanquished.

Notes
Turn   | Place    | Note
-------+----------+-------------------------------------------
     0 | D:1      | gruber the Gnoll Wanderer began the quest for the Orb.
     0 | D:1      | gruber set off with the following items: a +2 dagger, a
                  | scroll of blinking, a +0 spear, a potion of lignification,
                  | a +0 robe, a ration
     0 | D:1      | Reached XP level 1. HP: 17/17 MP: 6/6
   126 | D:1      | Reached XP level 2. HP: 19/23 MP: 7/7
  1031 | D:2      | Reached skill level 5 in Spellcasting
  1031 | D:2      | Reached XP level 3. HP: 28/28 MP: 7/9
  1033 | D:2      | Reached skill level 6 in Stealth
  1033 | D:2      | Reached skill level 1 in Invocations
  1086 | D:2      | Reached skill level 1 in Short Blades
  1086 | D:2      | Reached skill level 1 in Long Blades
  1086 | D:2      | Reached skill level 1 in Axes
  1086 | D:2      | Reached skill level 1 in Maces & Flails
  1086 | D:2      | Reached skill level 1 in Polearms
  1086 | D:2      | Reached skill level 1 in Staves
  1086 | D:2      | Reached skill level 1 in Slings
  1086 | D:2      | Reached skill level 1 in Bows
  1086 | D:2      | Reached skill level 1 in Crossbows
  1086 | D:2      | Reached skill level 1 in Throwing
  1086 | D:2      | Reached skill level 1 in Armour
  1086 | D:2      | Reached skill level 1 in Dodging
  1086 | D:2      | Reached skill level 1 in Shields
  1086 | D:2      | Reached skill level 1 in Unarmed Combat
  1270 | D:2      | Reached XP level 4. HP: 29/34 MP: 11/11
  1770 | D:2      | Reached skill level 1 in Conjurations
  1770 | D:2      | Reached skill level 1 in Hexes
  1770 | D:2      | Reached skill level 1 in Charms
  1770 | D:2      | Reached skill level 1 in Summonings
  1770 | D:2      | Reached skill level 1 in Translocations
  1770 | D:2      | Reached skill level 1 in Transmutations
  1770 | D:2      | Reached skill level 1 in Ice Magic
  1770 | D:2      | Reached skill level 1 in Air Magic
  1770 | D:2      | Reached skill level 1 in Earth Magic
  1770 | D:2      | Reached skill level 1 in Poison Magic
  1775 | D:2      | Learned a level 3 spell: Confuse
  1855 | D:2      | Found a snail-covered altar of Cheibriados.
  2264 | D:3      | Found a shadowy altar of Dithmenos.
  2309 | D:3      | Reached XP level 5. HP: 40/40 MP: 12/12
  2431 | D:3      | Found an opulent altar of Gozag.
  2537 | D:3      | Noticed Natasha
  2566 | D:3      | Killed Natasha
  2806 | D:3      | Noticed Natasha
  2817 | D:3      | Killed Natasha
  3107 | D:3      | Noticed Natasha
  3109 | D:3      | Reached XP level 6. HP: 43/47 MP: 13/13
  3138 | D:3      | Killed Natasha
  3636 | D:3      | Found a runed door.
  3640 | D:3      | Noticed Crazy Yiuf
  3650 | D:3      | Slain by Crazy Yiuf

Vault maps used:
D:1:      dpeg_arrival_houses_and_road, minmay_pentomino_r4
D:2:      kennysheep_slug_shrine, first_ration, roderic_roman_lattice
D:3:      old_standard_altar, nicolae_dithmenos_through_a_glass_darkly,
          uniq_crazy_yiuf_cottage, uniq_natasha

Skill      XL: |  1  2  3  4  5  6 |
---------------+-------------------+-----
Fire Magic     | 2 |  2.5
Spellcasting   | 5 |  5.3
Stealth        | 6 |  6.2
Invocations    | 1 2 |  2.0
Short Blades   | 1 |  1.8
Long Blades    | 1 |  1.8
Axes           | 1 |  1.8
Maces & Flails | 1 |  1.8
Polearms       | 1 |  1.8
Staves         | 1 |  1.8
Slings         | 1 |  1.8
Bows           | 1 |  1.8
Crossbows      | 1 |  1.8
Throwing       | 1 |  1.8
Armour         | 1 |  1.8
Dodging        | 1 |  1.8
Shields        | 1 |  1.8
Unarmed Combat | 1 |  1.8
Conjurations   | 1 |  1.4
Hexes          | 1 |  1.4
Charms         | 1 |  1.4
Summonings     | 1 |  1.4
Translocations | 1 |  1.4
Transmutations | 1 |  1.4
Ice Magic      | 1 |  1.4
Air Magic      | 1 |  1.4
Earth Magic    | 1 |  1.4
Poison Magic   | 1 |  1.4
Fighting       | 3 |  3.1
Evocations     | 3 |  3.1
Necromancy     | 4 |  4.0

Action                   |  1- 3 |  4- 6 || total
-------------------------+-------+-------++-------
Melee: Dagger            |    75 |   213 ||   288
       Bite              |     7 |    13 ||    20
       Punch             |       |     1 ||     1
       Hand axe          |       |     7 ||     7
  Use: Scroll            |       |     7 ||     7
       Potion            |       |     2 ||     2
 Stab: Sleeping          |    13 |    14 ||    27
  Eat: Chunk             |     1 |     5 ||     6
       Ration            |       |     1 ||     1
Armor: Robe              |    12 |    10 ||    22
       Leather armour    |       |    31 ||    31
Dodge: Dodged            |    32 |   121 ||   153

Table legend:
 A = Non-vault XP
 B = Vault XP
 C = Vault XP percentage of total XP
 D = Non-vault monster count
 E = Vault monster count
 F = Vault count percentage of total count
                 A         B        C        D         E       F
            +---------+---------+-------+---------+---------+-------
      Total |     333 |      41 |  11.0 |      71 |       4 |   5.3
            +---------+---------+-------+---------+---------+-------
        D:1 |      29 |       2 |   6.5 |      18 |       2 |  10.0
        D:2 |     124 |       4 |   3.1 |      24 |       1 |   4.0
        D:3 |     180 |      35 |  16.3 |      29 |       1 |   3.3
            +---------+---------+-------+---------+---------+-------
